 Dungeon Crawl Stone Soup version 0.29.1-1-gd02db6906a (webtiles) character file.

Game seed: 9193836104271022743

7837 boopmooplesden the Carver (level 11, 0/95 HPs)
             Began as a Minotaur Fighter on Oct 14, 2022.
             Was a Believer of Trog.
             Killed from afar by a manticore (9 damage)
             ... with a volley of spikes
             ... on level 11 of the Dungeon.
             The game lasted 00:20:33 (10586 turns).

boopmooplesden the Carver (Minotaur Fighter)       Turns: 10586, Time: 00:20:34

Health: 0/95       AC: 20    Str: 33    XL:     11   Next: 2%
Magic:  10/10      EV: 11    Int:  5    God:    Trog [**....]
Gold:   675        SH:  6    Dex: 16    Spells: 10/10 levels left

rFire   x . .      SeeInvis .   a - +0 long sword (vamp)
rCold   + . .      Faith    .   c - +0 buckler
rNeg    . . .      Spirit   .   k - +2 chain mail {rPois}
rPois   +          Reflect  .   (helmet restricted)
rElec   .          Harm     .   s - +2 cloak
rCorr   .          Rampage  .   i - +0 pair of gloves "Xozxuko" {Fly Str+8}
Will    ++...                   y - +0 pair of boots
Stlth   ..........              (no amulet)
HPRegen 1.25/turn               h - +6 ring of dexterity
MPRegen 0.12/turn               o - ring of ice

@: strong-willed (expiring), spiked, on berserk cooldown, flying, regenerating
(expiring), slowed, very slow
A: horns 2, retaliatory headbutt
a: Renounce Religion, Berserk, Trog's Hand


You were on level 11 of the Dungeon.
You worshipped Trog.
Trog was pleased with you.
You visited 2 branches of the dungeon, and saw 10 of its levels.

You collected 675 gold pieces.

Inventory:

Hand Weapons
 a - a +0 vampiric long sword (weapon)
 w - a +0 scimitar
 x - the +4 rapier of Xapullom {drain, *Rage rF+ rCorr Int+10}
   (You found it on level 6 of the Dungeon)

   A truly terrible weapon, it drains the life of any living foe it strikes.
   Int:       It affects your intelligence (+10).
   rF:        It protects you from fire.
   *Rage:     It berserks you when you make melee attacks (+20% chance).
   rCorr:     It protects you from acid and corrosion.
Armour
 c - a +0 buckler (worn)
 i - the +0 pair of gloves "Xozxuko" (worn) {Fly Str+8}
   (You acquired it on level 2 of the Dungeon)

   Str:       It affects your strength (+8).
   Fly:       It grants you flight.
 k - a +2 chain mail of poison resistance (worn)
 s - a +2 cloak (worn)
 y - a +0 pair of boots (worn)
 E - a scarf of invisibility
Jewellery
 d - an amulet of magic regeneration
 h - a +6 ring of dexterity (left hand)
 m - a ring of wizardry
 o - a ring of ice (right hand)
 C - an amulet of regeneration
Wands
 p - a wand of iceblast (7)
 u - a wand of flame (16)
Scrolls
 g - a scroll of acquirement
 z - a scroll of identify
 G - 2 scrolls of magic mapping
Potions
 b - 3 potions of brilliance {unknown}
 e - 3 potions of invisibility {unknown}
 f - 2 potions of haste {unknown}
 j - 7 potions of curing
 l - 2 potions of lignification {unknown}
 n - a potion of cancellation {unknown}
 r - a potion of berserk rage {unknown}
 t - 2 potions of flight {unknown}
 v - a potion of magic {unknown}
 B - a potion of mutation {unknown}
 D - 2 potions of attraction {unknown}


   Skills:
 + Level 8.7 Fighting
 + Level 12.3 Long Blades
 + Level 11.0 Armour
 + Level 4.7 Dodging
 + Level 3.1 Stealth
 + Level 7.8 Shields
 + Level 0.1 Evocations


You had 10 spell levels left.
You didn't know any spells.
Your spell library contained the following spells:

 Spells                   Type           Power      Damage    Failure   Level
 Ozocubu's Armour         Ice            0%         N/A       100%        3
 Ozocubu's Refrigeration  Ice            0%         4d7       100%        7


Dungeon Overview and Level Annotations

Branches:
Dungeon (8/15)             Temple (1/1) D:4
   Lair: D:8-11

Altars:
Ashenzari
Dithmenos
Elyvilon
Fedhas
Gozag
Hepliaklqana
Kikubaaqudgha
Makhleb
Nemelex Xobeh
Okawaru
Ru
Sif Muna
Trog
Uskayaw
Vehumet
Wu Jian
Xom
Yredelemnul


Innate Abilities, Weirdness & Mutations

You have a pair of horns on your head.
You reflexively headbutt those who attack you in melee.


Message History

The manticore barely misses you.
You block the skeletal warrior's attack.
The manticore closely misses you.
The manticore claws you but does no damage.
The manticore closely misses you.
The skeletal warrior hits you from afar with a +0 glaive.
* * * LOW HITPOINT WARNING * * *
An orc wizard comes into view. It is wielding a +0 dagger.
Your skin crawls.
You feel strong-willed.
The skeletal warrior closely misses you.
The manticore closely misses you. You furiously retaliate!
You headbutt the manticore!
The manticore claws you but does no damage.
The manticore claws you.
* * * LOW HITPOINT WARNING * * *
Okay, then.
Okay, then.
Okay, then.
The skeletal warrior hits you but does no damage.
You block the manticore's attack. x2
The manticore claws you but does no damage.
Things that are here:
4 large rocks; a cyclops corpse The manticore attacks as you move away!
You block the manticore's attack. The manticore closely misses you.
The manticore barely misses you.
The manticore flicks its tail.
The volley of spikes hits you but does no damage.
You feel the effects of Trog's Hand fading.
There is an open door here.
The skeletal warrior misses you. The manticore closely misses you.
You furiously retaliate!
You headbutt the manticore! The manticore claws you.
* * * LOW HITPOINT WARNING * * *
You block the manticore's attack.
The orc wizard mumbles some strange words.
The orc wizard flickers and vanishes!
The manticore flicks its tail.
The volley of spikes hits you!
The barbed spikes become lodged in your body.
You die...

............# [..
...#.........### #.#
###.#............ #.#
#.#.........### ...
#.#.........# #.#
#.#########.### ##.##
#.# #.... #...#
#####.###### #####
####.#####.@........#
#?##.##.##.....####.#
#...)){.zH.#####
#.########
#.##)##.####
#......... ####.####
########## #....#
######


You could see a skeletal warrior and a manticore.

Vanquished Creatures
  2 centaur warriors (D:11)
  A catoblepas (D:11)
  A two-headed ogre (D:11)
  A fire crab (shapeshifter) (D:11)
  A wolf spider (D:11)
  A cyclops (D:11)
  A manticore (D:11)
  A wraith (D:6)
  A yak (D:11)
  Eustachio (D:6)
  A basilisk (D:11)
  The ghost of LustLizard the Trooper, an amateur DsFi (D:4)
  Menkaure (D:6)
  Edmund (D:6)
  An acid dragon (D:11)
  Duvessa (D:6)
  2 black bears
  An ogre (D:5)
  A boggart (D:11)
  A centaur (D:11)
  A phantom (D:6)
  Blork the orc (D:4)
  3 necrophages
  A gnoll sergeant (D:7)
  4 bullfrogs
  6 scorpions
  Dowan (D:6)
  6 killer bees (D:8)
  9 howler monkeys
  A hound (D:5)
  Crazy Yiuf (D:3)
  Jessica (D:3)
  Ijyb (D:4)
  5 iguanas
  An orc wizard (D:11)
  9 adders
  13 gnolls
  A shadow imp (D:6)
  A white imp (D:7)
  3 ufetubi
  5 worms
  9 dart slugs
  6 orcs
  14 endoplasms
  3 giant cockroaches
  41 goblins
  31 hobgoblins
  9 jackals
  10 kobolds
  3 quokkas
  10 ball pythons
  7 bats
  6 frilled lizards
  8 rats
253 creatures vanquished.

Vanquished Creatures (others)
  A hobgoblin (D:3)
  20 fungi
  31 plants
52 creatures vanquished.

Grand Total: 305 creatures vanquished

Notes
Turn   | Place    | Note
-------+----------+-------------------------------------------
     0 | D:1      | boopmooplesden the Minotaur Fighter began the quest for the
                  | Orb.
     0 | D:1      | Reached XP level 1. HP: 19/19 MP: 0/0
   237 | D:1      | Reached XP level 2. HP: 26/27 MP: 1/1
   474 | D:1      | Reached XP level 3. HP: 26/33 MP: 2/2
  1140 | D:2      | Reached skill level 3 in Long Blades
  1410 | D:2      | Reached XP level 4. HP: 24/40 MP: 3/3
  2236 | D:2      | Identified a scroll of acquirement
  2236 | D:2      | Acquired the +0 pair of gloves "Xozxuko" {Fly Str+8}
  2334 | D:3      | Noticed Jessica
  2340 | D:3      | Reached skill level 4 in Long Blades
  2341 | D:3      | Killed Jessica
  2342 | D:3      | Reached XP level 5. HP: 39/46 MP: 4/4
  3026 | D:3      | Reached skill level 5 in Armour
  3050 | D:3      | Reached skill level 5 in Long Blades
  3132 | D:3      | Reached skill level 1 in Dodging
  3222 | D:3      | Reached XP level 6. HP: 43/53 MP: 5/5
  3787 | D:3      | Found a runed translucent door.
  3788 | D:3      | Noticed Crazy Yiuf
  3798 | D:3      | Killed Crazy Yiuf
  4009 | D:4      | Found a staircase to the Ecumenical Temple.
  4022 | Temple   | Entered the Ecumenical Temple
  4369 | Temple   | Became a worshipper of Trog the Wrathful
  4463 | D:4      | Noticed Ijyb
  4484 | D:4      | Killed Ijyb
  4858 | D:4      | Found a runed translucent door.
  4859 | D:4      | Noticed LustLizard's ghost (amateur DsFi)
  4916 | D:4      | Noticed Blork the orc
  4923 | D:4      | Killed Blork the orc
  5449 | D:4      | Reached skill level 6 in Long Blades
  5455 | D:4      | Reached skill level 5 in Shields
  5469 | D:4      | Reached skill level 5 in Fighting
  5469 | D:4      | Reached XP level 7. HP: 57/61 MP: 6/6
  5788 | D:4      | Reached * piety under Trog
  6127 | D:4      | Killed LustLizard's ghost
  6128 | D:4      | Reached skill level 7 in Long Blades
  6175 | D:5      | Entered Level 5 of the Dungeon
  6196 | D:5      | Reached XP level 8. HP: 51/70 MP: 7/7
  6322 | D:5      | Reached skill level 1 in Stealth
  7215 | D:6      | Noticed Edmund
  7222 | D:6      | Killed Edmund
  7233 | D:6      | Reached skill level 8 in Long Blades
  7324 | D:6      | Identified the +4 rapier of Xapullom {drain, *Rage rF+
                  | rCorr Int+10}
  7364 | D:6      | Noticed Menkaure
  7374 | D:6      | Killed Menkaure
  7978 | D:6      | Reached skill level 9 in Long Blades
  8235 | D:6      | Noticed Dowan
  8236 | D:6      | Noticed Duvessa
  8242 | D:6      | Killed Dowan
  8250 | D:6      | Killed Duvessa
  8251 | D:6      | Reached XP level 9. HP: 75/75 MP: 8/8
  8416 | D:6      | Noticed Eustachio
  8435 | D:6      | Killed Eustachio
  8583 | D:7      | Reached ** piety under Trog
  9725 | D:8      | Reached skill level 10 in Long Blades
  9871 | D:8      | Noticed a komodo dragon
  9892 | D:8      | Noticed a two-headed ogre
  9895 | D:8      | You are sucked into a shaft and drop 3 floors!
 10416 | D:11     | Noticed a two-headed ogre
 10425 | D:11     | Killed a two-headed ogre
 10426 | D:11     | Reached XP level 10. HP: 86/86 MP: 9/9
 10436 | D:11     | Reached skill level 11 in Long Blades
 10463 | D:11     | Noticed a centaur warrior
 10517 | D:11     | Killed a centaur warrior
 10518 | D:11     | Reached skill level 10 in Armour
 10521 | D:11     | Noticed a fire crab
 10521 | D:11     | a queen bee changed into a fire crab
 10523 | D:11     | Noticed a cyclops
 10527 | D:11     | Noticed a manticore
 10528 | D:11     | Killed a fire crab
 10533 | D:11     | Noticed a catoblepas
 10540 | D:11     | Killed a cyclops
 10545 | D:11     | Killed a manticore
 10545 | D:11     | Noticed a centaur warrior
 10548 | D:11     | Noticed a wolf spider
 10561 | D:11     | Killed a catoblepas
 10562 | D:11     | Reached skill level 12 in Long Blades
 10564 | D:11     | Noticed a manticore
 10570 | D:11     | Killed a wolf spider
 10571 | D:11     | Noticed a skeletal warrior
 10578 | D:11     | Killed a centaur warrior
 10578 | D:11     | HP: 3/90 [skeletal warrior/+0 glaive (5)]
 10579 | D:11     | Reached XP level 11. HP: 3/95 MP: 10/10
 10586 | D:11     | Killed from afar by a manticore

Illustrated notes

Levels and vault maps discovered:
D:1:      minmay_arrival_cross, layout_basic
D:2:      layout_loops_ring, nrook_campfire, minmay_misc_feat_cross
D:3:      minmay_goblin_kobold_castle, layout_basic, minmay_vboxes,
          uniq_jessica, uniq_crazy_yiuf_cottage
D:4:      cheibrodos_barr_body, layout_loops_ring, temple_hall,
          gammafunk_ghost_grave, grunt_decor_mini_mirrors,
          hangedman_abyss_or_decor_stabs, chequers_big_river, uniq_ijyb,
          uniq_blork_the_orc
D:5:      layout_basic
D:6:      layout_cave_pods, hangedman_decor_push, uniq_duvessa, uniq_edmund,
          uniq_menkaure, uniq_eustachio
D:7:      layout_basic, serial_corexii_hall, corexii_hall_statues_u,
          corexii_hall_statues_l, chequers_hall_statues_wall_a,
          corexii_hall_statues_i
D:8:      layout_rooms, nicolae_tso_carved_into_rock, marbit_many_paths,
          grunt_lair_entry_orc_guard_hut, nicolae_figureground_pulse
D:11:     hangedman_cross_veins, layout_loops_ring, elyvilon_altar_3,
          uniq_gastronok
Temple:   hc_temple_tempest_star

Skill      XL: |  1  2  3  4  5  6  7  8  9 10 |
---------------+-------------------------------+-----
Armour         | 4 5 6 7 9 11 | 11.0
Fighting       | 4 5 6 7 8 |  8.7
Shields        | 4 5 7 |  7.8
Long Blades    | 3 4 5 6 7 9 10 12 | 12.3
Dodging        | 1 2 3 4 |  4.7
Stealth        | 1 2 3 |  3.1
Evocations     | |  0.1

Action                   |  1- 3 |  4- 6 |  7- 9 | 10-12 || total
-------------------------+-------+-------+-------+-------++-------
Melee: Long sword        |    91 |   266 |   268 |    72 ||   697
       Headbutt          |    12 |    46 |    54 |    24 ||   136
Invok: Berserk           |       |       |     7 |     2 ||     9
       Trog's Hand       |       |       |     1 |     2 ||     3
Evoke: Wand              |       |       |       |     1 ||     1
  Use: Scroll            |     1 |     6 |    12 |     1 ||    20
       Potion            |     1 |       |       |     3 ||     4
 Stab: Petrified         |       |       |       |     4 ||     4
Armor: Scale mail        |    31 |       |       |       ||    31
       Chain mail        |    41 |   228 |   134 |    87 ||   490
Dodge: Dodged            |    61 |   171 |   137 |    48 ||   417
Block: Buckler           |    35 |   112 |    71 |    30 ||   248
